Unix NetHack Version 5.0.0-0 post-release - last build Jun 10 2026 00:39:30 (3ee93aec679c4c4259841fe613dc97188e26a321,branch:main).

Game began 2026-06-18 17:26:07, ended 2026-06-18 19:05:11.

ARFwashere, neutral male human Archeologist

                       -----
                      --.|.--
     ---              |......-
   ---.----           |........
 ---....*.--          ----......
 |...--....|             |......|
 |..#---..--     ----    |......--
--..#- ----   ----..|    --......|
|....|      ---.|...|     ----...-
--...|      |.......|        |....
 |%..| ------....----        |.....
 --..--|...|...[-|    ----- --......
  |...--.........|    |...---q..<..-
---..............--- --..[...@.)....
|........--........| |.....d.......
|........--........---.[.....--...
---.............*.[...).....--
  |...--..---.....|...--....##
  --..|---- --.|.---.----)---
   ----      ----- ---  ---
ARFwashere the Field Worker  St:6 Dx:5 Co:15 In:15 Wi:15 Ch:12  Neutral
Dlvl:6  $:2349 HP:0(43) Pw:28(28) AC:2  Xp:5 T:2886  Stressed Conf

Latest messages:
 Your little dog eats a little dog corpse.
 You see here 61 rocks.
 The little dog picks up a rock.
 The little dog drops a rock.
 You swap places with your little dog.
 You see here a +0 hooded cloak.
 The little dog picks up a +0 hooded cloak.
 The little dog drops a +0 hooded cloak.
 You hit the homunculus.
 The homunculus misses!
 You hit the homunculus.
 The homunculus bites!
 The homunculus bites!
 You hit the homunculus.
 The homunculus misses!
 You kill the homunculus!
 You see here a homunculus corpse.
 The little dog drops a +0 hooded cloak.
 There is a homunculus corpse here; eat it? [ynq] (n) y
 Ecch - that must have been poisonous!
 You rebalance your load.  Movement is difficult.
 You finish eating the homunculus corpse.
 What do you want to drink? [nty or ?*] ?
 Yecch!  This stuff tastes like poison.
 Your muscles won't obey you.
 What do you want to drink? [ny or ?*] ?
 You feel better.
 What do you want to drink? [y or ?*] ?
 Huh, What?  Where am I?
 The rothe misses!
 The rothe bites!
 The rothe bites again!
 You miss the rothe.
 The rothe misses!
 The rothe misses!
 The rothe bites!
 The rothe hits!
 The rothe bites!
 The rothe bites again!
 You don't have enough stamina to move.
 The rothe hits!
 The rothe misses!
 The rothe bites!
 The rothe hits!
 You die...
 Do you want your possessions identified? [ynq] (y) y
 Do you want to see your attributes? [ynq] (y) y
 Do you want an account of creatures vanquished? [ynaq] (y) y
 Do you want to see your conduct and achievements? [ynq] (y) y
 Do you want to see the dungeon overview? [ynq] (y) y

Inventory:
 Coins    ('$')
  $ - 2349 gold pieces
 Weapons  (')')
  r - 13 +0 darts (at the ready)
  a - a +2 bullwhip (alternate weapon; not wielded)
 Armor    ('[')
  c - an uncursed +0 fedora (being worn)
  P - an uncursed +0 pair of iron shoes (being worn)
  W - an uncursed +0 dwarvish cloak (being worn)
  X - an uncursed +0 splint mail (being worn)
 Comestibles  ('%')
  d - 3 uncursed food rations
  V - an uncursed partly eaten food ration
 Scrolls  ('?')
  j - a cursed scroll of earth
  x - an uncursed scroll of identify
  s - an uncursed scroll of remove curse
  D - a cursed scroll of remove curse
  m - an uncursed scroll of teleportation
 Rings    ('=')
  S - an uncursed ring of conflict
  z - a cursed ring of hunger
  A - an uncursed +1 ring of increase accuracy
  p - an uncursed ring of polymorph
  F - an uncursed ring of regeneration
  B - an uncursed ring of slow digestion
  k - an uncursed ring of teleport control
 Wands    ('/')
  i - a wand of secret door detection (0:14)
 Tools    ('(')
  h - an empty uncursed sack
  C - an uncursed mirror
  l - an uncursed oil lamp (lit)
  e - a rustproof +0 pick-axe (weapon in right hand)
  O - a cursed tallow candle
  f - a tinning kit (0:97)
  H - an uncursed towel
 Gems/Stones  ('*')
  T - an uncursed black opal
  L - an uncursed opal
  g - an uncursed touchstone

ARFwashere the Archeologist's attributes:

Background:
 You were a Field Worker, a level 5 male human Archeologist.
 You were neutral, on a mission for Camaxtli
 who was opposed by Quetzalcoatl (lawful) and Huhetotl (chaotic).
 You were right-handed.
 You were in the Gnomish Mines, on level 6.
 You entered the dungeon 2886 turns ago.
 You had 227 experience points, 93 more were needed to attain level 6.

Basics:
 You had 0 out of 43 hit points.
 You had all 28 energy points (spell power).
 Your armor class was 2.
 Your wallet contained 2349 zorkmids.
 Autopickup was on for '$' plus thrown.

Final Characteristics:
 Your strength was 6 (peak:10, limit:18/100).
 Your dexterity was 5 (peak:10, limit:18).
 Your constitution was 15 (limit:18).
 Your intelligence was 15 (limit:18).
 Your wisdom was 15 (limit:18).
 Your charisma was 12 (limit:18).

Final Status:
 You were confused.
 You weren't hungry.
 You were stressed; movement was moderately slowed.
 You were wielding a pick-axe.
 You were skilled in pick-axe.

Final Attributes:
 You were piously aligned.
 Your items were somewhat protected from fire.
 Your items were somewhat protected from cold.
 You were sleep resistant.
 You had automatic searching.
 You were stealthy.
 You were warded.
 You were lucky.
 You are dead.

Miscellaneous:
 You encountered 1 bones level.
 Total elapsed playing time was 1 hour, 30 minutes and 59 seconds.

Major events:
 Turn
    1: ARFwashere the neutral male human Archeologist entered the dungeon
 1604: attained the rank of Field Worker (level 3)
 1734: entered the Gnomish Mines
 2886: killed by a rothe

You didn't know any spells.

Skills:
 Fighting Skills
   bare handed combat [Unskilled]
   two weapon combat  [Unskilled]
   riding             [Unskilled]
 Weapon Skills
   dagger             [Unskilled]
   knife              [Unskilled]
   pick-axe           [Skilled]
   short sword        [Unskilled]
   saber              [Unskilled]
   club               [Unskilled]
   quarterstaff       [Unskilled]
   sling              [Unskilled]
   dart               [Unskilled]
   boomerang          [Unskilled]
   whip               [Basic]
   unicorn horn       [Unskilled]
 Spellcasting Skills
   attack spells      [Unskilled]
   healing spells     [Unskilled]
   divination spells  [Unskilled]
   matter spells      [Unskilled]

Voluntary challenges:
 Character rerolling was not enabled.
 You never genocided any monsters.
 You never polymorphed an object.
 You never changed form.
 You used no wishes.
Achievements:
 You entered a shop.
 You attained the rank of Field Worker.
 You entered the Gnomish Mines.

 The Dungeons of Doom: levels 1 to 5
    Level 1:
    Level 2:
       A fountain, a sink.
    Level 3:
       A general store.
    Level 4:
       A general store, a fountain.
       Stairs down to The Gnomish Mines.
    Level 5:
 The Gnomish Mines: levels 5 to 6
    Level 5:
    Level 6: <- You were here.
       Final resting place for
          you, killed by a rothe,
          Stef75-Rog-Hum-Mal-Cha, killed by a rothe.


Vanquished creatures:
  a pony
  2 gnome leaders
  a gnomish wizard
  a little dog
  a floating eye
  2 dwarves
  2 homunculi
  2 rothes
  a centipede
  2 iguanas
 an acid blob
  a coyote
  a hobbit
  a yellow mold
  a red mold
  8 gnomes
  a gnome zombie
  a gecko
  2 jackals
  2 foxes
  5 goblins
  a sewer rat
  9 grid bugs
  2 bats
  3 lichens
  2 kobold zombies
  5 newts
61 creatures vanquished.

No species were genocided or became extinct.

Game over:
                       ----------
                      /          \
                     /    REST    \
                    /      IN      \
                   /     PEACE      \
                  /                  \
                  |    ARFwashere    |
                  |     2349 Au      |
                  |   killed by a    |
                  |      rothe       |
                  |                  |
                  |                  |
                  |       2026       |
                 *|     *  *  *      | *
        _________)/\\_//(\/(/\)/\//\/|_)_______

Goodbye ARFwashere the Archeologist...

You died in The Gnomish Mines on dungeon level 6 with 3303 points,
and 2349 pieces of gold, after 2886 moves.
You were level 5 with a maximum of 43 hit points when you died.

